General information
- name: BNet
- type: Ladder team game (AT/RT)
- host: Battle.net
- saver: BusyJacob
map: Deadlands
- players: 8
- length: 40:43
- speed: Fast
- version: 1.26 W3XP
- replay type: Public
» download(232 KB)
Players
team 1 (winner)

»
JusT.ThE.TiP (
red | 62 APM | 2128 actions | 34:07)
7 Demon Hunter
3 Mana Burn
3 Evasion
1 Metamorphosis
6 Priestess of the Moon
2 Searing Arrows
3 Trueshot Aura
1 Starfall
» actions
| Assign group hotkey | 45 | |
| Basic commands | 190 | |
| Build / train | 159 | |
| Enter build submenu | 46 | |
| Enter hero's abilities submenu | 13 | |
| Give item / drop item | 3 | |
| Remove unit from queue | 6 | |
| Right click | 525 | |
| Select / deselect | 507 | |
| Select group hotkey | 505 | |
| Use ability | 129 | |
2128 total
» units
| Wisp | 40 | |
| Archer | 32 | |
| Druid of the Talon | 16 | |
| Hippogryph | 2 | |
90 total
» upgrades
| Strength of the Moon | 3 | |
| Moon Armor | 2 | |
| Improved Bows | 1 | |
| Druid of the Talon Training | 2 | |
| Strength of the Wild | 1 | |
| Marksmanship | 1 | |
| Reinforced Hides | 1 | |
11 total
» buildings
| Altar of Elders | 3 | |
| Moon Well | 8 | |
| Ancient of War | 3 | |
| Tree of Ages | 3 | |
| Hunter's Hall | 1 | |
| Ancient of Wonders | 1 | |
| Ancient of Wind | 4 | |
| Ancient Protector | 12 | |
| Tree of Eternity | 3 | |
| Tree of Life | 4 | |
| Chimaera Roost | 3 | |
45 total
» build order
00:09 Altar of Elders
00:20 Moon Well
00:28 Ancient of War
01:20 Moon Well
02:39 Moon Well
04:05 Tree of Ages
04:05 Tree of Ages
04:54 Hunter's Hall
04:59 Ancient of Wonders
05:08 Moon Well
06:57 Ancient of Wind
07:03 Ancient Protector
07:08 Moon Well
08:08 Tree of Eternity
08:09 Tree of Eternity
10:18 Tree of Life
10:25 Ancient Protector
10:29 Ancient Protector
11:19 Ancient Protector
15:07 Chimaera Roost
15:10 Chimaera Roost
15:13 Ancient of Wind
15:19 Moon Well
15:23 Moon Well
15:27 Chimaera Roost
15:32 Ancient Protector
24:56 Tree of Life
25:11 Ancient Protector
25:13 Ancient Protector
25:17 Ancient Protector
25:21 Ancient Protector
28:49 Ancient of War
28:52 Ancient of Wind
28:57 Ancient of War
29:00 Moon Well
30:46 Tree of Life
30:51 Ancient Protector
31:17 Tree of Life
32:34 Ancient of Wind
32:49 Ancient Protector
32:51 Ancient Protector
33:27 Altar of Elders
33:37 Altar of Elders
» items
| Potion of Healing | 2 | |
| Orb of Venom | 1 | |
| Scroll of Town Portal | 2 | |
| Moonstone | 2 | |
7 total
maxinvasion (
purple | 31 APM | 1242 actions | 40:43)
9 Tauren Chieftain
3 War Stomp
3 Endurance Aura
2 Reincarnation
1 Shockwave
» actions
| Basic commands | 17 | |
| Build / train | 77 | |
| Enter build submenu | 13 | |
| Enter hero's abilities submenu | 9 | |
| Give item / drop item | 3 | |
| Right click | 619 | |
| Select / deselect | 398 | |
| Use ability | 105 | |
1242 total
» units
| Peon | 10 | |
| Wind Rider | 17 | |
| Raider | 3 | |
| Troll Batrider | 19 | |
49 total
» upgrades
| Ranged Weapons | 1 | |
| Armor | 2 | |
| Spiked Barricades | 2 | |
| Ensnare | 1 | |
| Envenomed Spears | 1 | |
7 total
» buildings
| Orc Burrow | 7 | |
| Altar of Storms | 1 | |
| Stronghold | 1 | |
| War Mill | 1 | |
| Beastiary | 2 | |
| Voodoo Lounge | 1 | |
| Fortress | 1 | |
14 total
» build order
00:25 Orc Burrow
00:40 Altar of Storms
01:39 Stronghold
02:19 War Mill
02:55 Orc Burrow
03:37 Orc Burrow
03:41 Orc Burrow
04:03 Beastiary
04:37 Orc Burrow
05:12 Beastiary
06:33 Voodoo Lounge
08:45 Orc Burrow
09:49 Fortress
10:00 Orc Burrow
» items
| Healing Salve | 4 | |
| Scroll of Speed | 2 | |
| Boots of Speed | 1 | |
| Lesser Clarity Potion | 1 | |
| Orb of Lightning | 1 | |
9 total
LameChump23 (
teal | 47 APM | 1930 actions | 40:41)
8 Archmage
3 Summon Water Elemental
3 Brilliance Aura
1 Mass Teleport
1 Blizzard
» actions
| Assign group hotkey | 66 | |
| Basic commands | 116 | |
| Build / train | 85 | |
| Enter build submenu | 62 | |
| Enter hero's abilities submenu | 9 | |
| Give item / drop item | 11 | |
| Remove unit from queue | 5 | |
| Right click | 762 | |
| Select / deselect | 457 | |
| Select group hotkey | 187 | |
| Use ability | 170 | |
1930 total
» units
| Peasant | 12 | |
| Footman | 4 | |
| Goblin Shredder | 3 | |
| Gryphon Rider | 10 | |
| Goblin Sapper | 2 | |
31 total
» upgrades
| Masonry | 3 | |
| Storm Hammers | 1 | |
| Swords | 3 | |
| Armor | 3 | |
| Animal War Training | 1 | |
| Cloud | 1 | |
12 total
» buildings
| Altar of Kings | 2 | |
| Barracks | 1 | |
| Farm | 22 | |
| Keep | 3 | |
| Lumber Mill | 2 | |
| Arcane Vault | 4 | |
| Town Hall | 3 | |
| Scout Tower | 27 | |
| Guard Tower | 8 | |
| Castle | 1 | |
| Gryphon Aviary | 4 | |
| Blacksmith | 2 | |
79 total
» build order
00:42 Altar of Kings
00:43 Barracks
00:55 Farm
00:57 Farm
01:11 Farm
01:38 Farm
03:30 Keep
03:53 Lumber Mill
04:30 Arcane Vault
04:45 Town Hall
04:50 Scout Tower
04:51 Scout Tower
04:51 Scout Tower
04:51 Scout Tower
04:54 Scout Tower
04:55 Scout Tower
04:55 Scout Tower
04:56 Scout Tower
05:22 Guard Tower
05:23 Guard Tower
05:25 Guard Tower
05:59 Guard Tower
06:00 Guard Tower
07:14 Guard Tower
07:19 Castle
08:16 Scout Tower
08:20 Scout Tower
08:23 Scout Tower
08:25 Scout Tower
08:48 Gryphon Aviary
08:49 Gryphon Aviary
08:49 Gryphon Aviary
08:50 Gryphon Aviary
08:53 Blacksmith
08:56 Blacksmith
09:08 Farm
14:58 Farm
14:58 Farm
15:00 Farm
15:10 Arcane Vault
16:54 Town Hall
16:57 Scout Tower
16:57 Scout Tower
16:58 Scout Tower
16:58 Scout Tower
16:59 Scout Tower
17:00 Scout Tower
17:00 Scout Tower
17:01 Scout Tower
17:07 Arcane Vault
19:36 Guard Tower
19:49 Farm
19:49 Farm
19:50 Farm
20:24 Farm
20:26 Farm
26:28 Town Hall
26:33 Scout Tower
26:33 Scout Tower
26:34 Scout Tower
26:37 Scout Tower
26:39 Scout Tower
26:39 Scout Tower
26:40 Scout Tower
26:46 Arcane Vault
27:42 Lumber Mill
28:45 Keep
28:49 Guard Tower
29:47 Keep
30:46 Farm
30:47 Farm
30:47 Farm
30:48 Farm
30:55 Farm
30:58 Farm
30:59 Farm
31:00 Farm
31:02 Farm
31:19 Altar of Kings
» items
| Scroll of Regeneration | 5 | |
| Mechanical Critter | 2 | |
| Scroll of Town Portal | 3 | |
| Potion of Healing | 2 | |
| Orb of Lightning | 1 | |
| Periapt of Vitality | 2 | |
| Healing Salve | 1 | |
16 total
DONTDOITBOY (
yellow | 53 APM | 1457 actions | 27:18)
5 Tauren Chieftain
2 War Stomp
3 Endurance Aura
» actions
| Assign group hotkey | 15 | |
| Basic commands | 2 | |
| Build / train | 55 | |
| Enter build submenu | 15 | |
| Enter hero's abilities submenu | 5 | |
| Give item / drop item | 1 | |
| Right click | 645 | |
| Select / deselect | 193 | |
| Select group hotkey | 424 | |
| Use ability | 102 | |
1457 total
» units
| Peon | 10 | |
| Troll Batrider | 23 | |
| Raider | 3 | |
36 total
» upgrades
| Melee Weapons | 1 | |
| Ranged Weapons | 2 | |
| Reinforced Defenses | 1 | |
| Liquid Fire | 1 | |
| Armor | 1 | |
6 total
» buildings
| Altar of Storms | 1 | |
| Orc Burrow | 4 | |
| War Mill | 1 | |
| Voodoo Lounge | 1 | |
| Watch Tower | 12 | |
| Stronghold | 1 | |
| Beastiary | 4 | |
| Fortress | 2 | |
26 total
» build order
00:09 Altar of Storms
00:23 Orc Burrow
00:41 War Mill
01:24 Voodoo Lounge
02:34 Watch Tower
02:34 Watch Tower
02:35 Watch Tower
02:44 Watch Tower
02:58 Orc Burrow
03:50 Stronghold
04:30 Orc Burrow
04:59 Watch Tower
05:01 Watch Tower
05:22 Orc Burrow
06:13 Beastiary
06:15 Beastiary
06:22 Beastiary
06:58 Fortress
06:58 Fortress
11:25 Watch Tower
11:26 Watch Tower
11:27 Watch Tower
17:36 Watch Tower
17:36 Watch Tower
17:36 Watch Tower
24:28 Beastiary
» items
| Staff of Teleportation | 1 | |
| Boots of Speed | 1 | |
| Tiny Great Hall | 1 | |
3 total
team 2 (loser)

»
cnispy (
blue | 42 APM | 1729 actions | 40:43)
5 Pandaren Brewmaster
3 Breath of Fire
2 Drunken Brawler
4 Priestess of the Moon
2 Trueshot Aura
2 Searing Arrows
1 Death Knight
1 Death Coil
» actions
| Assign group hotkey | 29 | |
| Basic commands | 20 | |
| Build / train | 88 | |
| ESC pressed | 1 | |
| Enter build submenu | 24 | |
| Enter hero's abilities submenu | 10 | |
| Give item / drop item | 2 | |
| Remove unit from queue | 10 | |
| Right click | 687 | |
| Select / deselect | 444 | |
| Select group hotkey | 358 | |
| Use ability | 55 | |
1729 total
» units
| Wisp | 25 | |
| Archer | 8 | |
| Hippogryph | 17 | |
| Abomination | 1 | |
| Meatwagon | 1 | |
| Necromancer | 2 | |
54 total
» upgrades
| Strength of the Wild | 3 | |
| Reinforced Hides | 3 | |
6 total
» buildings
| Moon Well | 6 | |
| Ancient of War | 1 | |
| Altar of Elders | 3 | |
| Ancient of Wonders | 1 | |
| Tree of Ages | 1 | |
| Hunter's Hall | 1 | |
| Ancient of Wind | 4 | |
| Tree of Life | 7 | |
| Tree of Eternity | 1 | |
25 total
» build order
00:37 Moon Well
00:53 Ancient of War
01:27 Altar of Elders
01:44 Moon Well
02:18 Moon Well
03:00 Ancient of Wonders
03:29 Tree of Ages
03:45 Moon Well
04:57 Hunter's Hall
05:55 Ancient of Wind
06:07 Ancient of Wind
07:26 Tree of Life
10:03 Tree of Eternity
12:56 Tree of Life
13:44 Tree of Life
21:04 Ancient of Wind
21:06 Ancient of Wind
21:59 Altar of Elders
22:35 Tree of Life
22:39 Tree of Life
22:43 Tree of Life
26:22 Tree of Life
29:35 Altar of Elders
29:51 Moon Well
29:56 Moon Well
» items
| Orb of Venom | 1 | |
| Potion of Healing | 1 | |
| Staff of Teleportation | 1 | |
| Boots of Speed | 1 | |
4 total
MajorNewbs- (
orange | 33 APM | 921 actions | 28:01)
6 Archmage
3 Blizzard
2 Brilliance Aura
1 Mass Teleport
1 Death Knight
1 Unholy Aura
» actions
| Basic commands | 74 | |
| Build / train | 95 | |
| Enter build submenu | 26 | |
| Enter hero's abilities submenu | 7 | |
| Give item / drop item | 1 | |
| Remove unit from queue | 1 | |
| Right click | 310 | |
| Select / deselect | 312 | |
| Use ability | 95 | |
921 total
» units
| Peasant | 12 | |
| Mortar Team | 25 | |
| Siege Engine | 19 | |
| Gargoyle | 6 | |
| Necromancer | 1 | |
| Banshee | 1 | |
64 total
» upgrades
| Gunpowder | 3 | |
| Armor | 3 | |
| Flare | 1 | |
| Fragmentation Shards | 1 | |
| Barrage | 1 | |
| Plating | 2 | |
| Stone Form | 1 | |
12 total
» buildings
| Lumber Mill | 1 | |
| Farm | 17 | |
| Scout Tower | 1 | |
| Altar of Kings | 1 | |
| Arcane Tower | 1 | |
| Blacksmith | 1 | |
| Keep | 1 | |
| Castle | 1 | |
| Workshop | 3 | |
| Arcane Vault | 1 | |
28 total
» build order
00:27 Lumber Mill
01:13 Farm
01:25 Scout Tower
01:49 Farm
01:53 Altar of Kings
01:55 Arcane Tower
02:26 Blacksmith
03:06 Keep
03:10 Farm
03:45 Farm
03:49 Farm
04:25 Farm
04:29 Farm
05:10 Farm
05:17 Farm
05:28 Castle
05:34 Workshop
05:37 Workshop
05:43 Workshop
10:11 Arcane Vault
11:41 Farm
12:47 Farm
13:32 Farm
14:17 Farm
19:05 Farm
19:06 Farm
19:13 Farm
20:17 Farm
» items
| Scroll of Regeneration | 1 | |
| Potion of Healing | 1 | |
| Scroll of Town Portal | 1 | |
3 total
BusyJacob (
pink | 87 APM | 3550 actions | 40:43)
10 Blademaster
3 Wind Walk
3 Critical Strike
1 Bladestorm
3 Mirror Image
2 Lich
1 Frost Nova
1 Frost Armor
» actions
| Assign group hotkey | 85 | |
| Basic commands | 185 | |
| Build / train | 134 | |
| ESC pressed | 1 | |
| Enter build submenu | 55 | |
| Enter hero's abilities submenu | 12 | |
| Give item / drop item | 19 | |
| Right click | 1311 | |
| Select / deselect | 416 | |
| Select group hotkey | 1063 | |
| Use ability | 269 | |
3550 total
» units
| Peon | 14 | |
| Grunt | 11 | |
| Wind Rider | 15 | |
| Goblin Zeppelin | 2 | |
| Goblin Shredder | 12 | |
| Raider | 3 | |
57 total
» upgrades
| Berserker Strength | 1 | |
| Armor | 4 | |
| Pillage | 1 | |
| Melee Weapons | 2 | |
| Reinforced Defenses | 1 | |
| Envenomed Spears | 1 | |
| Ranged Weapons | 3 | |
| Unholy Armor | 1 | |
| Spiked Barricades | 1 | |
| Ensnare | 1 | |
16 total
» buildings
| Orc Burrow | 6 | |
| Altar of Storms | 1 | |
| Barracks | 1 | |
| Voodoo Lounge | 1 | |
| Stronghold | 2 | |
| War Mill | 1 | |
| Great Hall | 5 | |
| Watch Tower | 28 | |
| Fortress | 2 | |
| Beastiary | 4 | |
51 total
» build order
00:35 Orc Burrow
00:44 Altar of Storms
01:10 Barracks
01:25 Orc Burrow
01:56 Voodoo Lounge
02:26 Orc Burrow
04:29 Stronghold
04:30 Stronghold
04:57 War Mill
05:43 Great Hall
07:11 Watch Tower
07:12 Watch Tower
07:36 Watch Tower
07:38 Watch Tower
09:42 Fortress
09:49 Beastiary
09:51 Beastiary
09:59 Beastiary
10:02 Beastiary
10:08 Watch Tower
10:09 Watch Tower
10:10 Watch Tower
10:43 Watch Tower
10:54 Watch Tower
10:55 Watch Tower
11:22 Watch Tower
11:23 Watch Tower
13:56 Orc Burrow
14:20 Orc Burrow
15:02 Watch Tower
15:03 Watch Tower
15:04 Watch Tower
15:12 Watch Tower
18:47 Watch Tower
18:47 Watch Tower
19:42 Watch Tower
19:46 Watch Tower
22:06 Great Hall
23:10 Watch Tower
23:39 Watch Tower
25:02 Great Hall
26:53 Great Hall
26:56 Watch Tower
26:57 Watch Tower
28:25 Watch Tower
28:38 Watch Tower
29:15 Watch Tower
29:33 Watch Tower
30:51 Great Hall
33:50 Orc Burrow
» items
| Healing Salve | 10 | |
| Lesser Clarity Potion | 5 | |
| Boots of Speed | 1 | |
| Periapt of Vitality | 1 | |
| Scroll of Town Portal | 1 | |
| Orb of Lightning | 1 | |
| Staff of Teleportation | 2 | |
21 total

»
teenwolfreturns (
green | 51 APM | 755 actions | 14:46)
3 Death Knight
1 Death Coil
2 Unholy Aura
2 Lich
1 Frost Nova
1 Frost Armor
» actions
| Assign group hotkey | 18 | |
| Build / train | 57 | |
| Enter build submenu | 18 | |
| Enter hero's abilities submenu | 5 | |
| Right click | 229 | |
| Select / deselect | 143 | |
| Select group hotkey | 258 | |
| Use ability | 27 | |
755 total
» units
| Acolyte | 7 | |
| Ghoul | 5 | |
| Crypt Fiend | 9 | |
| Obsidian Statue | 4 | |
| Necromancer | 5 | |
| Meatwagon | 3 | |
33 total
» upgrades
| Creature Attack | 2 | |
| Creature Carapace | 2 | |
| Web | 1 | |
| Necromancer Training | 2 | |
| Skeletal Longevity | 1 | |
| Exhume Corpses | 1 | |
| Unholy Strength | 1 | |
| Skeletal Mastery | 1 | |
11 total
» buildings
| Crypt | 1 | |
| Altar of Darkness | 1 | |
| Ziggurat | 7 | |
| Graveyard | 1 | |
| Tomb of Relics | 1 | |
| Halls of the Dead | 1 | |
| Necropolis | 1 | |
| Slaughterhouse | 1 | |
| Spirit Tower | 3 | |
| Nerubian Tower | 1 | |
| Temple of the Damned | 1 | |
| Black Citadel | 1 | |
20 total
» build order
00:12 Crypt
00:20 Altar of Darkness
00:40 Ziggurat
01:05 Graveyard
01:18 Ziggurat
02:14 Ziggurat
02:24 Tomb of Relics
04:43 Halls of the Dead
07:01 Ziggurat
07:04 Ziggurat
07:07 Ziggurat
07:21 Necropolis
07:27 Ziggurat
07:42 Slaughterhouse
07:53 Spirit Tower
07:57 Spirit Tower
08:01 Nerubian Tower
08:10 Temple of the Damned
08:18 Spirit Tower
10:08 Black Citadel
Chat log
(01:02 / Allies) MajorNewbs-: cc
(01:09 / All) LameChump23: lol
(03:33 / Allies) cnispy: tech
(03:43 / All) DONTDOITBOY: towering bitch so leave me alone
(05:36 / Allies) BusyJacob: éééééé
(05:39 / Allies) BusyJacob: é
(05:42 / Allies) teenwolfreturns: fiend to necs wagons stats
(05:53 / Allies) BusyJacob: é
(05:57 / Allies) BusyJacob: fucking canadian keyboard wtf
(06:02 / Allies) BusyJacob: son of a bitch
(06:10 / Allies) BusyJacob: éé<
(06:16 / Allies) BusyJacob: sé
(06:28 / Allies) BusyJacob: é
(06:31 / Allies) BusyJacob: ééééé
(06:33 / Allies) BusyJacob: WTF
(06:40 / All) BusyJacob: fucking quebec
(06:43 / All) BusyJacob: I can`t type a slash
(06:50 / All) BusyJacob: cause it`s on french keyboad for some BS reason
(07:55 / Allies) cnispy: i got aa
(08:00 / Allies) cnispy: mass hippo
(08:24 / Allies) teenwolfreturns: kk
(08:36 / Allies) teenwolfreturns: get potm blue
(08:39 / Allies) teenwolfreturns: for trueshot aura
(08:52 / 7) BusyJacob: I can`t use éf m because french canada
(08:59 / 7) BusyJacob: and its on french layout somehow, no idea how to change it
(09:04 / Allies) cnispy: okay
(09:19 / 9) BusyJacob: bot left, or bot right if you want to bat hippo masse
(09:32 / 9) BusyJacob: I can`t use éf m because french canadian keyboard layout and doesn`t let me type the slash
(09:37 / 9) BusyJacob: switched and not sure how to change it
(10:39 / Allies) teenwolfreturns: hitnow
(10:41 / Allies) teenwolfreturns: we got htis
(10:50 / 9) BusyJacob: help my expo
(11:01 / Allies) teenwolfreturns: blue come fight
(11:06 / Allies) teenwolfreturns: ididot
(11:09 / Allies) teenwolfreturns: fucking whu u wait
(11:16 / Allies) teenwolfreturns: fucking stupide dick
(11:26 / Allies) teenwolfreturns: u let me die u sack of fucking shit blue
(11:30 / Allies) teenwolfreturns: pay attetniont dick fucker
(11:38 / 9) BusyJacob: éf m gen is mad as fuck
(12:02 / Allies) teenwolfreturns: fucking get back
(12:06 / Allies) teenwolfreturns: blue let me die i cant help
(12:07 / Allies) teenwolfreturns: your alone
(12:21 / All) LameChump23: LAWL
(12:23 / All) LameChump23: THAT WAS DUMB
(13:07 / Allies) teenwolfreturns: im coimng just a sec
(13:26 / 7) BusyJacob: I thought you`d see my team has mass morts when your team hit
(13:29 / 7) BusyJacob: inc again
(13:53 / Allies) teenwolfreturns: get more now blue
(13:55 / Allies) teenwolfreturns: hurrry
(14:02 / All) LameChump23: BIRNG SOME FUCKING AA
(14:15 / All) LameChump23: ASdfkljdsfkds
(14:16 / All) LameChump23: idiots
(14:17 / Allies) teenwolfreturns: u
(15:45 / Allies) MajorNewbs-: get shaman pink
(16:32 / All) DONTDOITBOY: i have no idea y im lagging
(18:03 / All) BusyJacob: 2 sobi masks greaterthangreaterthan pendants of nrg
(18:11 / All) BusyJacob: cant do greatert han sign on shitty french canada shit
(18:24 / All) LameChump23: awesome
(19:16 / 7) BusyJacob: did
(20:09 / Allies) MajorNewbs-: why you tk blue?
(20:19 / Allies) BusyJacob: no reason
(20:23 / Allies) BusyJacob: After this hero, I leave you all alone
(20:24 / Allies) MajorNewbs-: loser
(20:24 / Allies) BusyJacob: for now
(20:30 / Allies) BusyJacob: I am true neutral
(20:35 / Allies) BusyJacob: when one side gets stronger, I even it out
(20:38 / Allies) MajorNewbs-: fagget
(20:40 / Allies) BusyJacob: so I tk a little so teams are equal
(20:43 / Allies) BusyJacob: I`m a druid
(20:51 / Allies) MajorNewbs-: you are a natural born pussy
(20:52 / 7) BusyJacob: did
(21:08 / Allies) BusyJacob: why do you dislike my alignment so much
(21:13 / Allies) BusyJacob: what are you, chaotic
(21:37 / Allies) MajorNewbs-: you are a inferior fool
(21:41 / All) DONTDOITBOY: fuck u blue u nigger
(22:46 / All) BusyJacob: how much gold you got red
(22:52 / 7) BusyJacob: I was going for his hero anyway
(22:53 / All) JusT.ThE.TiP: 1k
(22:54 / All) BusyJacob: to rebuildÉ
(22:58 / All) BusyJacob: I have 10k
(23:01 / Allies) MajorNewbs-: why would you go out like a bitch pink?
(23:07 / All) JusT.ThE.TiP: nice!
(23:08 / Allies) MajorNewbs-: you make no sense
(23:29 / Allies) BusyJacob: faggot orange you stole my expo when I was already going to expand there
(23:45 / Allies) BusyJacob: wood me
(23:46 / All) DONTDOITBOY: leave blue u nip
(23:52 / All) MajorNewbs-: pink has too much penis in his mouth
(23:57 / All) MajorNewbs-: homosexual fagget
(24:03 / All) DONTDOITBOY: stfu hacker
(24:06 / All) DONTDOITBOY: oj and blue = hacker
(24:13 / Allies) BusyJacob: woo
(24:14 / Allies) BusyJacob: wood
(24:29 / All) MajorNewbs-: pink is a homosexual fagget
(24:38 / All) MajorNewbs-: Abomination before YAHWEH
(24:40 / All) MajorNewbs-: GO
(24:42 / All) MajorNewbs-: D
(24:52 / 9) BusyJacob: I`m orc I don`t have hipposé
(25:03 / All) DONTDOITBOY: THE WYVERNS RETARD
(25:08 / All) MajorNewbs-: pink is a inferior race of mortal subjects
(25:13 / All) BusyJacob: why call them hippos if they aen`t hippos
(25:14 / All) MajorNewbs-: put it down
(25:17 / All) MajorNewbs-: Burn it
(25:18 / All) BusyJacob: sounds like you are being the retard
(25:28 / All) BusyJacob: I have no hipppos that I have contol over
(25:29 / All) DONTDOITBOY: i misspoke humans make mistakes
(25:42 / All) BusyJacob: well then don`t call me the retad
(25:53 / All) DONTDOITBOY: wow purple had to help
(26:04 / 7) BusyJacob: let`s tk jake
(26:10 / All) DONTDOITBOY: rod quit acting like a nigger hipos wyverns sam eshit
(27:18 / All) MajorNewbs-: gg, you are lucky pink spread his butt cheeks open for you all
(27:22 / All) BusyJacob: you couldn`t do this to me
(27:23 / All) BusyJacob: lol
(27:25 / All) BusyJacob: owned
(27:30 / All) LameChump23: lawl
(34:44 / 7) BusyJacob: blue revived his hero
(35:53 / 7) BusyJacob: north
(35:54 / 7) BusyJacob: panda
(35:59 / 7) BusyJacob: go north
(36:05 / 7) BusyJacob: east
(36:06 / 7) BusyJacob: east
(36:07 / 7) BusyJacob: there
(36:28 / All) BusyJacob: out blue
(40:35 / All) LameChump23: best of luck to ya gentlemen
(40:38 / All) BusyJacob: gl hf